 Dungeon Crawl Stone Soup version 0.21.1-1-g345015f (webtiles) character file.

2409 Dfrag the Destroyer (level 9, -19/68 HPs)
             Began as a Naga Conjurer on Feb 11, 2018.
             Was a Follower of Vehumet.
             Demolished by a two-headed ogre
             ... wielding a +0 giant club
              (25 damage)
             ... on level 8 of the Dungeon.
             The game lasted 00:08:32 (5731 turns).

Dfrag the Destroyer (Naga Conjurer)                 Turns: 5731, Time: 00:08:32

Health: -19/68     AC:  5    Str: 11    XL:     9   Next: 47%
Magic:  18/30      EV: 10    Int: 19    God:    Vehumet [*.....]
Gold:   349        SH:  0    Dex: 11    Spells: 21/24 levels left

rFire    . . .     SeeInvis +   B - +1 dire flail (drain)
rCold    . . .     Gourm    .   (shield currently unavailable)
rNeg     . . .     Faith    .   a - +1 robe
rPois    +         Spirit   .   (no helmet)
rElec    .         Reflect  .   (no cloak)
rCorr    .         Harm     .   (no gloves)
MR       +....                  (no barding)
Stlth    ++........             (no amulet)
HPRegen  0.21/turn              s - ring of magical power
MPRegen  0.22/turn              (no ring)

@: very slow
A: large, see invisible, deformed body, poison resistance, slowness 2, slow
metabolism 1, spit poison 1, AC +3
a: Spit Poison, Renounce Religion


You were on level 8 of the Dungeon.
You worshipped Vehumet.
Vehumet was aware of your devotion.
You were very hungry.

You visited 2 branches of the dungeon, and saw 9 of its levels.

You collected 349 gold pieces.

Inventory:

Hand Weapons
 z - a +0 spear of piercing
 B - a +1 dire flail of draining (weapon)
Armour
 a - a +1 robe (worn)
Jewellery
 s - a ring of magical power (left hand)
Wands
 t - a wand of polymorph (5)
 v - a wand of enslavement (14)
Scrolls
 d - a scroll of random uselessness
 g - 3 scrolls of remove curse
 h - 3 scrolls of magic mapping
 i - a scroll of amnesia {unknown}
 l - 2 scrolls of fog {unknown}
 m - 3 scrolls of teleportation
 o - 4 scrolls of enchant armour
 q - 2 scrolls of enchant weapon {unknown}
 u - 4 scrolls of identify {unknown}
 w - 3 scrolls of immolation {unknown}
 x - 2 scrolls of noise {unknown}
 y - a scroll of fear {unknown}
Potions
 e - 5 potions of curing
 f - a potion of invisibility {unknown}
 j - a potion of haste {unknown}
 k - 2 potions of heal wounds {unknown}
 n - a potion of lignification {unknown}
 p - 2 potions of degeneration {unknown}
 r - 2 potions of resistance {unknown}
Books
 b - a book of Conjurations

   Spells                             Type                      Level
   a - Magic Dart                     Conjuration                  1
   b - Searing Ray                    Conjuration                  2
   c - Dazzling Spray                 Conjuration/Hexes            3
   d - Fulminant Prism                Conjuration/Hexes            4
   e - Force Lance                    Conjuration/Translocation    4
   f - Iskenderun's Mystic Blast      Conjuration                  4
 C - a book of Air

   Spells                             Type                      Level
   a - Shock                          Conjuration/Air              1
   b - Swiftness                      Charms/Air                   2
   c - Static Discharge               Conjuration/Air              3
   d - Airstrike                      Air                          4
   e - Lightning Bolt                 Conjuration/Air              5
Comestibles
 c - 11 rations
 A - 4 chunks of flesh


   Skills:
 - Level 1.5 Dodging
 - Level 3.0 Stealth
 + Level 8.3 Spellcasting
 + Level 9.7 Conjurations


You had 21 spell levels left.
You knew the following spells:

 Your Spells              Type           Power        Failure   Level  Hunger
a - Magic Dart            Conj           ####         1%          1    None
b - Searing Ray           Conj           #####.       1%          2    None


Dungeon Overview and Level Annotations

Branches:
Dungeon (8/15)             Temple (1/1) D:4
   Lair: D:8-11

Altars:
Cheibriados
Hepliaklqana
Okawaru
Qazlal
Sif Muna
Trog
Uskayaw
Vehumet


Innate Abilities, Weirdness & Mutations

You cannot wear boots.
Your serpentine skin is tough. (AC +3)
You have supernaturally acute eyesight. (SInv)
Armour fits poorly on your strangely shaped body.
Your system is resistant to poisons. (rPois)
You cover ground very slowly.
You have a slow metabolism.
You can spit poison.


Message History

The searing ray hits the two-headed ogre.
The two-headed ogre is severely wounded. (Press . to maintain the ray.)
The ogre shouts!
The two-headed ogre barely misses you.
The two-headed ogre hits you with a giant club!!
The bullfrog zombie hits you.
The searing ray hits the two-headed ogre.
The two-headed ogre is severely wounded.
The two-headed ogre looks more healthy.
The bullfrog zombie hits you but does no damage.
The two-headed ogre hits you with a giant club!
* * * LOW HITPOINT WARNING * * *
The two-headed ogre closely misses you.
The searing ray hits the two-headed ogre.
The two-headed ogre is almost dead.
The bullfrog zombie completely misses you.
The bullfrog zombie barely misses you.
The two-headed ogre hits you with a giant club!!
You die...

. . .######
#.....# #
#.....#
#.#####.....#
#...........#
#......@....##.
#.....ZO.).....
.......O....###
..###.......# .
.........#
..........#
...####..##...
.?. .... ....
#. ...# ###


You could see a two-headed ogre, an ogre and a bullfrog zombie.

Vanquished Creatures
  Edmund (D:6)
  An eye of draining (D:6)
  A necrophage (D:6)
  A black bear (D:4)
  2 ice beasts (D:6)
  An ogre (D:6)
  2 phantoms
  A centaur (D:6)
  3 bullfrogs
  2 scorpions
  A wyvern skeleton (D:6)
  2 howler monkeys
  3 crimson imps
  3 orc priests
  3 hounds
  A jelly (D:6)
  2 orc wizards
  A centaur skeleton (D:4)
  A gnoll shaman (D:4)
  Natasha (thrice) (D:2)
  A bullfrog skeleton (D:5)
  7 worker ants
  2 iguanas (D:6)
  Ijyb (D:3)
  2 hound skeletons
  A howler monkey skeleton (D:6)
  11 adders
  8 gnolls (D:4)
  An adder skeleton (D:2)
  A worm (D:4)
  2 dart slugs
  6 leopard geckos
  8 orcs
  A bat zombie (D:2)
  4 giant cockroaches
  10 goblins
  8 hobgoblins
  3 jackals (D:3)
  4 quokkas
  9 bats
  5 frilled lizards
  13 kobolds
  A leopard gecko zombie (D:2)
  A quokka zombie (D:2)
  9 rats
154 creatures vanquished.

Notes
Turn   | Place    | Note
-------+----------+-------------------------------------------
     0 | D:1      | Dfrag the Naga Conjurer began the quest for the Orb.
     0 | D:1      | Reached XP level 1. HP: 15/15 MP: 3/3
   157 | D:1      | Reached XP level 2. HP: 22/22 MP: 3/5
   190 | D:1      | Learned a level 2 spell: Searing Ray
   338 | D:1      | Reached XP level 3. HP: 23/28 MP: 1/6
   799 | D:2      | Reached XP level 4. HP: 30/36 MP: 4/8
   892 | D:2      | Noticed Natasha
   906 | D:2      | HP: 1/36 [Natasha/magic dart (6)]
   907 | D:2      | Killed Natasha
   907 | D:2      | Reached skill level 5 in Conjurations
  1012 | D:2      | Noticed Natasha
  1023 | D:2      | Killed Natasha
  1023 | D:2      | Reached XP level 5. HP: 22/42 MP: 5/10
  1060 | D:2      | Noticed Natasha
  1066 | D:2      | Killed Natasha
  1391 | D:3      | Noticed a phantom
  1551 | D:3      | Noticed Ijyb
  1583 | D:3      | Killed Ijyb
  1648 | D:3      | Reached XP level 6. HP: 49/49 MP: 7/12
  1891 | D:4      | Found a bloodstained altar of Trog.
  1995 | D:4      | Found a hazy altar of Hepliaklqana.
  2021 | D:4      | Reached skill level 6 in Conjurations
  2158 | D:4      | Reached XP level 7. HP: 47/55 MP: 9/14
  2172 | D:4      | Reached skill level 5 in Spellcasting
  2326 | D:4      | Found a staircase to the Ecumenical Temple.
  2514 | Temple   | Entered the Ecumenical Temple
  2524 | Temple   | Became a worshipper of Vehumet
  2757 | D:4      | Reached skill level 7 in Conjurations
  3081 | D:3      | Found a stormy altar of Qazlal.
  3171 | D:5      | Entered Level 5 of the Dungeon
  3188 | D:5      | Reached XP level 8. HP: 53/62 MP: 8/17
  4242 | D:6      | Reached skill level 8 in Conjurations
  4529 | D:6      | Reached XP level 9. HP: 68/68 MP: 20/20
  4561 | D:6      | Noticed Edmund
  4572 | D:6      | Killed Edmund
  4572 | D:6      | Reached skill level 9 in Conjurations
  4609 | D:6      | Reached * piety under Vehumet
  4609 | D:6      | Offered knowledge of Shock by Vehumet.
  5722 | D:8      | Noticed a two-headed ogre
  5731 | D:8      | Demolished by a two-headed ogre

Skill      XL: |  1  2  3  4  5  6  7  8  9 |
---------------+----------------------------+-----
Spellcasting   | 3 4 6 7 8 |  8.3
Conjurations   | 5 6 7 8 9 |  9.7
Dodging        | |  1.5
Stealth        | |  3.0

Action                   |  1- 3 |  4- 6 |  7- 9 || total
-------------------------+-------+-------+-------++-------
Melee: Unarmed           |    33 |    65 |    18 ||   116
       Spear             |       |       |     4 ||     4
       Dire flail        |       |       |     4 ||     4
 Cast: Magic Dart        |    72 |    53 |    28 ||   153
       Searing Ray       |       |    13 |    60 ||    73
 Abil: Spit Poison       |    17 |    11 |    19 ||    47
Evoke: Wand              |       |     1 |       ||     1
  Use: Scroll            |       |       |     5 ||     5
 Stab: Sleeping          |       |       |     1 ||     1
  Eat: Chunk             |     1 |     5 |     9 ||    15
Armor: Robe              |    25 |    23 |    21 ||    69
       Skin              |       |     6 |       ||     6
Dodge: Dodged            |    46 |    51 |    56 ||   153
